 Dungeon Crawl Stone Soup version 0.30.0-10-gfe55d96785 (webtiles) character file.

Game seed: 16923748782704642669

135874 browni3141 the Slayer (level 17, -8/218 HPs)
             Began as an Ogre Cinder Acolyte on May 14, 2023.
             Was the Champion of Makhleb.
             Blown up by an orb spider (68 damage)
             ... with an orb of destruction
             ... on level 1 of the Spider Nest.
             The game lasted 01:39:48 (30084 turns).

browni3141 the Slayer (Ogre Cinder Acolyte)        Turns: 30084, Time: 01:39:48

Health: -8/218     AC: 14    Str: 37    XL:     17   Next: 20%
Magic:  24/24      EV:  7    Int: 17    God:    Makhleb [******]
Gold:   1046       SH: 19    Dex:  4    Spells: 7/18 levels left

rFire   + . .        a - +10 spear of Uskayaw's Generosity {vamp, Int+2}
rCold   + . .        d - +2 tower shield
rNeg    + + .        O - +0 swamp dragon scales
rPois   +            (helmet restricted)
rElec   +            S - +2 cloak {Will+}
rCorr   .            (gloves unavailable)
SInv    .            (boots unavailable)
Will    +++..        s - amulet of reflection Stlth
                     K - ring of the Grinning Gods {rElec rN++ Str+6 Int-3}
HPRegen 0.56/turn    u - ring "Zecsitu" {rF+ rC+ Will+ Str+3 Int+3}
MPRegen 0.19/turn

%: reflection
@: studying 2 skills
A: large, unfitting armour, tough skin 1, talons 1, iridescent scales 1
a: Renounce Religion, Minor Destruction, Lesser Servant of Makhleb, Major
Destruction, Greater Servant of Makhleb


You were on level 1 of the Spider Nest.
You worshipped Makhleb.
Makhleb was exalted by your worship.
You visited 5 branches of the dungeon, and saw 24 of its levels.
You also visited: Ossuary, Ice Cave and Volcano.

You collected 3712 gold pieces.
You spent 2666 gold pieces at shops.

Inventory:

Hand Weapons
 a - the +10 spear of Uskayaw's Generosity (weapon) {vamp, Int+2}
   (You took it off a gnoll on level 4 of the Dungeon)

   Int:       It affects your intelligence (+2).
Missiles
 f - 3 curare-tipped darts
 n - 25 large rocks
 J - 3 javelins
 P - 4 silver boomerangs
 T - 25 boomerangs (quivered)
 V - 5 atropa-tipped darts
 Z - 2 throwing nets
Armour
 d - a +2 tower shield (worn)
 t - a +0 robe of positive energy
 O - +0 swamp dragon scales (worn)
 S - a +2 cloak of willpower (worn)
Jewellery
 b - a ring of flight
 s - an amulet of reflection (around neck)
 u - the ring "Zecsitu" (right hand) {rF+ rC+ Will+ Str+3 Int+3}
   (You bought it in a shop on level 14 of the Dungeon)

   [ring of protection from cold]

   Str:       It affects your strength (+3).
   Int:       It affects your intelligence (+3).
   rF:        It protects you from fire.
   rC:        It protects you from cold.
   Will:      It increases your willpower.
 w - the ring of Incredulity {rElec rCorr MP+9 Str+3 Int-4}
   (You bought it in a shop on level 14 of the Dungeon)

   [ring of magical power]

   Str:       It affects your strength (+3).
   Int:       It affects your intelligence (-4).
   rElec:     It insulates you from electricity.
   MP:        It affects your magic capacity (+9).
   rCorr:     It protects you from acid and corrosion.
 K - the ring of the Grinning Gods (left hand) {rElec rN++ Str+6 Int-3}
   (You bought it in a shop on level 1 of the Orcish Mines)

   [ring of strength]

   Str:       It affects your strength (+6).
   Int:       It affects your intelligence (-3).
   rElec:     It insulates you from electricity.
   rN:        It greatly protects you from negative energy.
Wands
 k - a wand of charming (21)
 p - a wand of polymorph (14)
 A - a wand of light (11)
 G - a wand of digging (5)
 R - a wand of roots (12)
Scrolls
 g - 2 scrolls of blinking
 j - 5 scrolls of vulnerability
 l - 2 scrolls of summoning {unknown}
 o - a scroll of fear
 v - 4 scrolls of magic mapping
 x - a scroll of immolation
 F - 4 scrolls of fog
 I - 2 scrolls of silence
 N - 10 scrolls of teleportation
 Q - 6 scrolls of amnesia {unknown}
 W - 3 scrolls of brand weapon {unknown}
 X - 2 scrolls of torment {unknown}
 Y - 5 scrolls of poison
Potions
 c - 2 potions of cancellation
 e - 7 potions of attraction
 h - 4 potions of haste
 i - 3 potions of invisibility
 m - 5 potions of magic
 r - 2 potions of resistance
 B - 4 potions of ambrosia
 C - 6 potions of curing
 E - 2 potions of berserk rage
 H - 3 potions of heal wounds
 L - 3 potions of lignification
 M - 3 potions of might
 U - 4 potions of brilliance
Miscellaneous
 q - a lightning rod (1/4)
 y - a phantom mirror (inert)
 z - a condenser vane (inert)
 D - a box of beasts (inert)


   Skills:
 + Level 24.9 Fighting
 - Level 14.0 Polearms
 * Level 5.0 Armour
 * Level 8.7 Shields
 - Level 1.2 Spellcasting
 - Level 4.0 Hexes
 * Level 10.5 Summonings
 - Level 2.6 Fire Magic
 * Level 2.2 Ice Magic
 * Level 9.8 Invocations
 * Level 6.6 Evocations


You had 7 spell levels left.
You knew the following spells:

 Your Spells              Type           Power      Damage    Failure   Level
a - Summon Mana Viper     Hex/Summ       25%        N/A       69%         5
b - Summon Ice Beast      Ice/Summ       22%        N/A       45%         4
x - Scorch                Fire           20%        2d6       34%         2

Your spell library contained the following spells:

 Spells                   Type           Power      Damage    Failure   Level
 Call Imp                 Summ           72%        N/A       1%          2
 Slow                     Hex            56%        N/A       14%         1
 Ensorcelled Hibernation  Hex/Ice        22%        N/A       30%         2
 Foxfire                  Conj/Fire      20%        2x1d5     38%         1
 Confusing Touch          Hex            14%        N/A       38%         3
 Tukima's Dance           Hex            14%        N/A       38%         3
 Apportation              Tloc           2%         N/A       56%         1
 Magic Dart               Conj           4%         1d3       56%         1
 Ozocubu's Armour         Ice            8%         N/A       63%         3
 Dazzling Flash           Conj/Hex       14%        N/A       67%         3
 Portal Projectile        Hex/Tloc       14%        N/A       67%         3
 Lesser Beckoning         Tloc           2%         N/A       71%         2
 Passwall                 Tmut/Erth      0%         N/A       71%         2
 Sublimation of Blood     Necr           1%         N/A       71%         2
 Volatile Blastmotes      Fire/Tloc      10%        2d10      77%         3
 Cause Fear               Hex            7%         N/A       80%         4
 Ignite Poison            Fire/Tmut/Pois 4%         N/A       82%         3
 Gell's Gravitas          Tloc           1%         N/A       91%         3
 Mephitic Cloud           Conj/Pois/Air  1%         N/A       91%         3
 Swiftness                Air            1%         N/A       91%         3
 Teleport Other           Tloc           1%         N/A       91%         3
 Vampiric Draining        Necr           1%         2d6       91%         3
 Anguish                  Hex/Necr       3%         N/A       97%         4
 Leda's Liquefaction      Hex/Erth       3%         N/A       97%         4
 Sticky Flame             Conj/Fire      5%         2d3       99%         4
 Metabolic Englaciation   Hex/Ice        5%         N/A       99%         5
 Iskenderun's Mystic Bla  Conj/Tloc      1%         2d3       100%        4
 Olgreb's Toxic Radiance  Pois           1%         N/A       100%        4
 Petrify                  Tmut/Erth      1%         N/A       100%        4
 Alistair's Intoxication  Tmut/Pois      0%         N/A       100%        5
 Blade Hands              Tmut           0%         N/A       100%        5
 Fireball                 Conj/Fire      2%         3d4       100%        5
 Irradiate                Conj/Tmut      0%         3d11      100%        5
 Lee's Rapid Deconstruct  Erth           0%         3d4*      100%        5
 Plasma Beam              Fire/Air       2%         2x1d14    100%        6
 Simulacrum               Ice/Necr       2%         N/A       100%        6
 Starburst                Conj/Fire      2%         6d3       100%        6
 Statue Form              Tmut/Erth      0%         N/A       100%        6
 Enfeeble                 Hex            7%         N/A       100%        7
 Monstrous Menagerie      Summ           18%        N/A       100%        7
 Discord                  Hex            7%         N/A       100%        8
 Ignition                 Fire           5%         3d4       100%        8


Dungeon Overview and Level Annotations

Branches:
Dungeon (15/15)            Temple (1/1) D:4            Lair (5/5) D:10
 Shoals (0/4) Lair:3       Spider (1/4) Lair:2        Slime (0/5) Lair:5
    Orc (2/2) D:12            Elf (0/3) Orc:2        Vaults (0/5) D:13
 Depths (0/4) D:15        Ossuary (visited)           IceCv (visited)
Volcano (visited)

Altars:
Ashenzari
Cheibriados
Dithmenos
Elyvilon
Fedhas
Gozag
Hepliaklqana
Kikubaaqudgha
Makhleb
Nemelex Xobeh
Okawaru
Qazlal
Ru
Sif Muna
Trog
Uskayaw
Vehumet
Wu Jian
Xom
Yredelemnul
Zin
The Shining One
Jiyva
Lugonu

Shops:
D:3 :   D:4 [   D:7 (   D:10 *   D:11 !   D:14 =   Orc:1 [=(   Orc:2 ([*:

Portals:
Abyss: Lair:5

Annotations:
Lair:5 1 runed translucent door


Innate Abilities, Weirdness & Mutations

You are too large for most types of armour.
You have tough skin. (AC +1)
You have sharp toenails.
You are partially covered in iridescent scales. (AC +2)


Message History

An orb of destruction comes into view.
You puncture the tarantella!
You feel better.
You claw the tarantella!
You kill the tarantella!
Makhleb accepts your kill.
You feel better.
Your lightning rod (1/4) has regained one charge.
The orb of destruction hits a rock wall.
Throw: 25 boomerangs
Press: ? - help, Q - select action, (/) - cycle Shift-Dir - straight line, f - orb spider
Aim: an orb spider (magical condensation, 66% to hit)
You throw a boomerang.
The boomerang closely misses the orb spider.
Throw: 25 boomerangs
Press: ? - help, Q - select action, (/) - cycle Shift-Dir - straight line, f/p - orb spider
Aim: an orb spider (66% to hit)
You throw a boomerang. The boomerang hits the orb spider.
The orb spider is lightly wounded.
The orb spider pulsates with a strange energy.
Throw: 25 boomerangs
Press: ? - help, Q - select action, (/) - cycle Shift-Dir - straight line, f/p - orb spider
Aim: an orb spider (lightly wounded, fully charged, 66% to hit)
You throw a boomerang.
The boomerang hits the orb spider but does no damage.
The orb spider is lightly wounded.
Throw: 25 boomerangs
Press: ? - help, Q - select action, (/) - cycle Shift-Dir - straight line, f/p - orb spider
Aim: an orb spider (lightly wounded, fully charged, 66% to hit)
You throw a boomerang.
The boomerang barely misses the orb spider.
The orb spider weaves a glowing orb of energy.
An orb of destruction comes into view.
Throw: 25 boomerangs
Press: ? - help, Q - select action, (/) - cycle Shift-Dir - straight line, f/p - orb spider
Aim: an orb spider (lightly wounded, 66% to hit)
You throw a boomerang. The boomerang hits the orb spider!
The orb spider is moderately wounded.
The orb of destruction hits a rock wall.
Throw: 25 boomerangs
Press: ? - help, Q - select action, (/) - cycle Shift-Dir - straight line, f/p - orb spider
Aim: an orb spider (moderately wounded, 66% to hit)
You throw a boomerang.
The boomerang hits the orb spider but does no damage.
The orb spider is moderately wounded.
The orb spider begins to weave its threads into a brightly glowing ball.
Throw: 25 boomerangs
Press: ? - help, Q - select action, (/) - cycle Shift-Dir - straight line, f/p - orb spider
Aim: an orb spider (moderately wounded, fully charged, 66% to hit)
You throw a boomerang. The boomerang hits the orb spider.
The orb spider is moderately wounded.
Throw: 25 boomerangs
Press: ? - help, Q - select action, (/) - cycle Shift-Dir - straight line, f/p - orb spider
Aim: an orb spider (moderately wounded, fully charged, 66% to hit)
You throw a boomerang.
The boomerang barely misses the orb spider.
The orb spider weaves a glowing orb of energy.
An orb of destruction comes into view.
Throw: 25 boomerangs
Press: ? - help, Q - select action, (/) - cycle Shift-Dir - straight line, f/p - orb spider
Aim: an orb spider (moderately wounded, 66% to hit)
You throw a boomerang.
The boomerang hits the orb spider but does no damage.
The orb spider is moderately wounded.
The orb of destruction hits a rock wall.
The orb spider pulsates with a strange energy.
Throw: 25 boomerangs
Press: ? - help, Q - select action, (/) - cycle Shift-Dir - straight line, f/p - orb spider
Aim: an orb spider (moderately wounded, fully charged, 66% to hit)
You throw a boomerang. The boomerang hits the orb spider.
The orb spider is moderately wounded.
Throw: 25 boomerangs
Press: ? - help, Q - select action, (/) - cycle Shift-Dir - straight line, f/p - orb spider
Aim: an orb spider (moderately wounded, fully charged, 66% to hit)
You throw a boomerang. The boomerang hits the orb spider.
The orb spider is heavily wounded.
The orb spider weaves a glowing orb of energy.
An orb of destruction comes into view.
Throw: 25 boomerangs
Press: ? - help, Q - select action, (/) - cycle Shift-Dir - straight line, f/p - orb spider
Aim: an orb spider (heavily wounded, 66% to hit)
You throw a boomerang. The boomerang hits the orb spider.
The orb spider is heavily wounded.
The orb of destruction hits you!!!
* * * LOW HITPOINT WARNING * * *
Aiming: Bolt of Light
Press: ? - help, Shift-Dir - straight line, f/p - orb spider
Aim: an orb spider (heavily wounded, 74% to hit)
The bolt of light misses the orb spider.
The orb spider spins a strand of pure energy.
Aiming: Bolt of Light
Press: ? - help, Shift-Dir - straight line, f/p - orb spider
Aim: an orb spider (heavily wounded, fully charged, 74% to hit)
The bolt of light hits the orb spider!
The orb spider is severely wounded.
The orb spider is blinded.
A demon appears!
The orb spider weaves a glowing orb of energy.
An orb of destruction comes into view.
You feel much better.
You feel better. The orb of destruction hits you!!!
You die...

#..#......#
#........##
#........#
###.......#
#.....†.#####
#.......†#..####
#..3s$.†....^..###
##○#......†..#.#.#
#@#.......†..#..†#
###.....#....†....
#...#...^##.#...#
#.......##..##>#..
#......#.#.. #....
#.#...#.##......#.
......#.........
...##...(. ...
.#..##


You could see an orb spider (blind, ally target) and a friendly smoke demon
(summoned).

Vanquished Creatures
  A fire giant (D:10)
  An orc warlord (Orc:2)
  A dire elephant (Lair:4)
  A fire dragon (D:11)
  Harold (Lair:2)
  5 hydras
  A radroach (Spider:1)
  A vault guard (D:13)
  Erica (Orc:1)
  2 ironbound frosthearts (IceCv)
  A death knight (D:13)
  A catoblepas (D:13)
  4 centaur warriors
  2 tengu warriors
  3 orc high priests (Orc:2)
  7 boulder beetles
  4 two-headed ogres
  7 death yaks
  3 thrashing horrors (Lair:5)
  4 skeletal warriors
  A deep elf knight (D:10)
  A pharaoh ant (Spider:1)
  A skyshark (Lair:4)
  The ghost of 2FriedEggs the Convoker, a novice DESu of Gozag (D:11)
  4 steelbarb worms (Spider:1)
  A deep elf archer (Volcano)
  8 orc knights
  Pikel (D:8)
  A steelbarb worm (shapeshifter) (D:10)
  10 deep elf pyromancers
  8 wolf spiders
  7 orc sorcerers
  7 cyclopes
  5 manticores
  3 moths of wrath (Spider:1)
  6 ugly things
  A guardian serpent (shapeshifter) (D:14)
  30 elephants
  A black mamba (shapeshifter) (D:14)
  3 black mambas
  An ice statue (IceCv)
  2 demonic crawlers (Spider:1)
  2 smoke demons (Lair:5)
  3 gargoyles
  A torpor snail (Spider:1)
  Maggie (Lair:2)
  7 cane toads
  4 rime drakes
  9 kobold demonologists
  2 unseen horrors
  9 komodo dragons
  5 efreet
  A cane toad (shapeshifter) (D:10)
  A yaktaur (D:11)
  4 freezing wraiths
  3 ancient zymes (Lair:5)
  A tengu conjurer (D:14)
  13 trolls
  19 polar bears
  2 meliai
  8 tarantellas (Spider:1)
  A wind drake (shapeshifter) (Lair:5)
  3 hornets
  4 dream sheep (Lair:3)
  32 blink frogs
  A centaur simulacrum (D:14)
  12 jumping spiders (Spider:1)
  13 slime creatures
  A snapping turtle (Lair:3)
  A spriggan (Lair:4)
  8 small abominations (Lair:5)
  4 culicivoras (Spider:1)
  3 ynoxinuls (Lair:5)
  55 yaks
  2 vampires
  7 wraiths
  27 fire elementals
  6 wyverns
  5 vampire mosquitoes
  2 basilisks
  3 steam dragons
  11 redbacks (Spider:1)
  4 wargs
  4 acid dragons
  13 water moccasins
  25 orc warriors
  8 hell hounds (Volcano)
  A black bear (shapeshifter) (D:14)
  A sky beast (D:7)
  4 ice beasts
  2 black bears
  6 ogres
  21 wolves
  A boggart (D:10)
  4 centaurs
  5 elf zombies (Ossuary)
  9 kobold brigands
  13 bullfrogs
  2 gnoll sergeants
  4 scorpions
  4 two-headed ogre simulacra (D:11)
  3 wights
  7 killer bees
  3 howler monkeys
  4 jellies
  2 centaur zombies (Ossuary)
  4 hounds
  11 orc priests
  2 gnoll boudas
  5 iguanas
  23 orc wizards
  2 hound zombies (Ossuary)
  4 mummies
  17 gnolls
  10 adders
  2 shadow imps
  A white imp (D:4)
  2 ufetubi
  3 adder zombies (Ossuary)
  3 worms
  3 dart slugs
  56 orcs
  5 ball pythons
  6 endoplasms
  A giant cockroach (D:4)
  A gnoll zombie (Ossuary)
  8 hobgoblins
  2 quokkas
  4 bats
  4 frilled lizards
  3 goblins
  3 goblin zombies (Ossuary)
  3 hobgoblin zombies (Ossuary)
  4 jackal zombies (Ossuary)
  19 kobolds
  4 kobold zombies (Ossuary)
  2 orc zombies (Ossuary)
  4 quokka zombies (Ossuary)
  8 rats
  3 rat zombies (Ossuary)
832 creatures vanquished.

Vanquished Creatures (collateral kills)
  A hydra (D:13)
  A rakshasa (D:10)
  A centaur warrior (D:13)
  Maurice (Orc:1)
  A demonic crawler (Spider:1)
  A merfolk (D:15)
  2 tarantellas (Spider:1)
  A snapping turtle (shapeshifter) (D:10)
  A jumping spider (Spider:1)
  3 culicivoras (Spider:1)
  An orc warrior (Orc:1)
  An orc priest (Orc:1)
  An orc wizard (Orc:1)
  3 orcs (Orc:1)
19 creatures vanquished.

Vanquished Creatures (others)
  A wolf spider (Spider:1)
  A redback (Spider:1)
  An orc wizard (D:10)
3 creatures vanquished.

Grand Total: 854 creatures vanquished

Notes
Turn   | Place    | Note
-------+----------+-------------------------------------------
     0 | D:1      | browni3141 the Ogre Cinder Acolyte began the quest for the
                  | Orb.
     0 | D:1      | Reached XP level 1. HP: 24/24 MP: 2/2
   215 | D:1      | Reached XP level 2. HP: 30/33 MP: 3/3
   235 | D:1      | You fall into a shaft and drop 1 floor!
   300 | D:2      | Reached XP level 3. HP: 40/40 MP: 4/4
  1200 | D:3      | Reached XP level 4. HP: 49/49 MP: 5/5
  1220 | D:3      | Learned a level 2 spell: Scorch
  1249 | D:3      | Reached skill level 5 in Fighting
  1679 | D:3      | Found Biugraf's Book Shop.
  2092 | D:4      | Reached XP level 5. HP: 57/57 MP: 1/6
  2171 | D:4      | Identified the +10 spear of Uskayaw's Generosity {vamp,
                  | Int+2}
  2496 | D:4      | Found a staircase to the Ecumenical Temple.
  2505 | Temple   | Entered the Ecumenical Temple
  2960 | D:4      | Found a shadowy altar of Dithmenos.
  2967 | D:4      | Found a basalt altar of Yredelemnul.
  2988 | D:4      | Found a snail-covered altar of Cheibriados.
  2989 | D:4      | Found a broken altar of Ashenzari.
  2990 | D:4      | Found a hide-covered altar of Uskayaw.
  2994 | D:4      | Found an ancient bone altar of Kikubaaqudgha.
  3039 | D:4      | Found Ruham's Antique Armour Shop.
  3114 | D:5      | Entered Level 5 of the Dungeon
  3121 | D:5      | Reached skill level 6 in Fighting
  3121 | D:5      | Reached XP level 6. HP: 65/67 MP: 7/7
  3475 | D:5      | Noticed an ice beast
  3481 | D:5      | Killed an ice beast
  3482 | D:5      | Reached skill level 6 in Polearms
  3689 | D:5      | Reached XP level 7. HP: 45/76 MP: 3/8
  3699 | D:5      | Reached skill level 7 in Fighting
  3924 | D:5      | Identified the +3 scale mail "Tovitaz" {rC++ Int+3}
  4816 | D:6      | Reached XP level 8. HP: 86/88 MP: 9/9
  5205 | D:6      | Found a glowing golden altar of the Shining One.
  5252 | D:6      | Found an opulent altar of Gozag.
  5562 | D:7      | Noticed a troll
  5572 | D:7      | Reached skill level 8 in Fighting
  5716 | D:7      | Noticed a hornet
  5719 | D:7      | Paralysed by a hornet for 3 turns
  5725 | D:7      | HP: 4/89 [hornet (12)]
  5728 | D:7      | Killed a hornet
  5729 | D:7      | Reached skill level 9 in Fighting
  5729 | D:7      | Reached skill level 9 in Polearms
  5825 | D:7      | Found a sand-covered staircase.
  5940 | Ossuary  | Entered an ossuary
  5989 | Ossuary  | Reached XP level 9. HP: 83/98 MP: 10/10
  6465 | D:7      | Reached skill level 10 in Fighting
  6706 | D:7      | Killed a troll
  6857 | D:7      | Found Fomnabb's Weapon Shop.
  7234 | D:7      | Noticed a hornet
  7245 | D:7      | Killed a hornet
  7246 | D:7      | Reached skill level 11 in Fighting
  7337 | D:7      | Reached XP level 10. HP: 111/113 MP: 11/11
  7357 | D:7      | Identified the +1 helmet of the Imp {-Tele rF+ Dex+5
                  | Stlth+}
  7399 | D:7      | Reached skill level 12 in Polearms
  7561 | D:7      | Learned a level 4 spell: Summon Ice Beast
  7644 | D:7      | Found a bloodstained altar of Trog.
  7674 | D:7      | Found a sacrificial altar of Ru.
  7957 | D:7      | Reached skill level 12 in Fighting
  8475 | D:9      | Noticed Pikel
  8489 | D:8      | Killed Pikel
  8490 | D:8      | Reached skill level 3 in Summonings
  8957 | D:9      | Found the +6 shillelagh "Devastator" {shatter}
  9388 | D:10     | Entered Level 10 of the Dungeon
  9431 | D:10     | Noticed a kobold demonologist
  9431 | D:10     | Noticed a kobold demonologist
  9468 | D:10     | Killed a kobold demonologist
  9469 | D:10     | Reached XP level 11. HP: 121/124 MP: 12/12
  9475 | D:10     | Gained mutation: Your body sometimes deteriorates upon
                  | taking damage. [a neqoxec]
  9720 | D:10     | Found a staircase to the Lair.
  9902 | D:10     | Reached skill level 13 in Fighting
  9954 | D:10     | Found Haxiog's Assorted Antiques.
  9961 | D:10     | Bought a scroll labelled GEPELEL WEARAR for 21 gold pieces
  9961 | D:10     | Bought a scroll labelled ARERUNGOIFE for 21 gold pieces
  9961 | D:10     | Bought a jewelled bronze wand for 84 gold pieces
  9961 | D:10     | Bought a scroll labelled OLAOLL MEPISAD for 21 gold pieces
  9961 | D:10     | Bought a scroll labelled ARERUNGOIFE for 21 gold pieces
  9961 | D:10     | Bought a smoky brown potion for 18 gold pieces
  9961 | D:10     | Bought a scroll labelled ARERUNGOIFE for 21 gold pieces
  9971 | D:10     | Lost mutation: Your body sometimes deteriorates upon taking
                  | damage. [potion of mutation]
  9971 | D:10     | Gained mutation: You have sharp toenails. [potion of
                  | mutation]
  9971 | D:10     | Gained mutation: You are partially covered in iridescent
                  | scales. (AC +2) [potion of mutation]
 10105 | D:10     | Found a blossoming altar of Fedhas.
 10135 | D:10     | Noticed a two-headed ogre
 10141 | D:10     | Killed a two-headed ogre
 10142 | D:10     | Noticed a four-headed hydra
 10142 | D:10     | Noticed a centaur warrior
 10153 | D:10     | Reached skill level 6 in Summonings
 10157 | D:10     | Killed a four-headed hydra
 10158 | D:10     | Noticed a cyclops
 10168 | D:10     | Noticed a manticore
 10168 | D:10     | Killed a centaur warrior
 10171 | D:10     | Killed a cyclops
 10181 | D:10     | Noticed a fire giant
 10182 | D:10     | Killed a manticore
 10182 | D:10     | Noticed an orc knight
 10183 | D:10     | Reached XP level 12. HP: 62/137 MP: 9/13
 10320 | D:10     | Noticed a two-headed ogre
 10335 | D:10     | Killed a two-headed ogre
 10336 | D:10     | Reached skill level 14 in Fighting
 10386 | D:10     | Noticed a rakshasa
 10478 | D:11     | Found Kemnof's Distillery.
 10481 | D:11     | Noticed a two-headed ogre
 10491 | D:11     | Killed a two-headed ogre
 10521 | D:11     | Bought a potion of might for 56 gold pieces
 10721 | D:11     | Found a frozen archway.
 10819 | IceCv    | Entered an ice cave
 10843 | IceCv    | Reached skill level 15 in Fighting
 10930 | IceCv    | Noticed a death yak
 10962 | IceCv    | Noticed a death yak
 10963 | IceCv    | Killed a death yak
 10964 | IceCv    | Noticed a death yak
 10975 | IceCv    | Killed a death yak
 10986 | IceCv    | Killed a death yak
 10987 | IceCv    | Reached skill level 16 in Fighting
 11254 | IceCv    | Reached skill level 17 in Fighting
 11478 | IceCv    | Reached skill level 18 in Fighting
 11538 | IceCv    | Noticed a death yak
 11538 | IceCv    | Noticed an ironbound frostheart
 11597 | IceCv    | Reached XP level 13. HP: 158/158 MP: 14/14
 11743 | IceCv    | Reached skill level 19 in Fighting
 12004 | D:11     | Found a runed translucent gate.
 12004 | D:11     | Found a runed translucent gate.
 12005 | D:11     | Found a runed translucent gate.
 12006 | D:11     | Noticed 2FriedEggs's ghost (novice DESu)
 12307 | D:11     | Noticed a fire dragon
 12320 | D:11     | Reached skill level 20 in Fighting
 12347 | D:11     | Killed a fire dragon
 12997 | D:11     | Reached skill level 21 in Fighting
 13137 | D:11     | Found a viscous altar of Jiyva.
 13366 | D:11     | Killed 2FriedEggs's ghost
 13498 | D:10     | Killed a fire giant
 13852 | D:10     | Reached skill level 22 in Fighting
 13853 | D:10     | Reached XP level 14. HP: 113/182 MP: 15/15
 14423 | D:9      | Identified a scroll of acquirement
 14435 | D:9      | Learned a level 5 spell: Summon Mana Viper
 14435 | D:9      | Acquired a +0 glaive of freezing
 14734 | D:12     | Found a sparkling altar of Nemelex Xobeh.
 14822 | D:12     | Reached skill level 3 in Hexes
 15155 | D:12     | Found a staircase to the Orcish Mines.
 15320 | D:10     | Found a staircase to the Lair.
 15437 | D:10     | Found Haxiog's Assorted Antiques.
 15559 | D:10     | Found a blossoming altar of Fedhas.
 16142 | Temple   | Fell from the grace of Ignis
 16142 | Temple   | Became a worshipper of Makhleb the Destroyer
 16461 | D:13     | Reached skill level 23 in Fighting
 18055 | D:13     | Acquired 660 gold pieces
 18244 | D:12     | Reached skill level 24 in Fighting
 18731 | D:13     | Found a gate to the Vaults.
 18836 | D:13     | Reached skill level 3 in Invocations
 18893 | D:14     | Found a stormy altar of Qazlal.
 18993 | D:14     | Reached * piety under Makhleb
 19114 | D:14     | Found Awuhip's Jewellery Shoppe.
 19121 | D:14     | Bought the ring "Zecsitu" {rF+ rC+ Will+ Str+3 Int+3} for
                  | 743 gold pieces
 19143 | D:14     | Bought the ring of Incredulity {rElec rCorr MP+9 Str+3
                  | Int-4} for 487 gold pieces
 19387 | D:14     | Reached skill level 3 in Shields
 19479 | D:14     | Reached XP level 15. HP: 160/196 MP: 18/18
 19788 | D:14     | Was forgiven by Ignis
 20503 | D:15     | Entered Level 15 of the Dungeon
 20580 | D:15     | Found a staircase to the Depths.
 20825 | Lair:1   | Entered Level 1 of the Lair of Beasts
 20903 | Lair:1   | Reached ** piety under Makhleb
 21234 | Lair:1   | Reached skill level 6 in Invocations
 22098 | Lair:2   | Found a hole to the Spider Nest.
 22118 | Lair:2   | Noticed Harold
 22136 | Lair:2   | Killed Harold
 22164 | Lair:2   | Noticed Maggie
 22177 | Lair:2   | Killed Maggie
 22402 | Lair:2   | Reached *** piety under Makhleb
 23071 | Lair:3   | Found a basalt altar of Yredelemnul.
 23119 | Lair:3   | Found a dark tunnel.
 23124 | Volcano  | Entered a volcano
 23192 | Volcano  | Reached skill level 6 in Shields
 23273 | Volcano  | Reached skill level 9 in Summonings
 23854 | Lair:3   | Found a staircase to the Shoals.
 24930 | Lair:4   | Reached **** piety under Makhleb
 25052 | Lair:4   | Reached XP level 16. HP: 206/209 MP: 21/21
 25390 | Lair:5   | Entered Level 5 of the Lair of Beasts
 25675 | Lair:5   | Reached skill level 3 in Evocations
 25879 | Lair:5   | Reached skill level 3 in Armour
 26136 | Lair:5   | Reached ***** piety under Makhleb
 26344 | Lair:5   | Found a runed translucent door.
 26344 | Lair:5   | Noticed an acid blob
 26345 | Lair:5   | Found a staircase to the Slime Pits.
 26345 | Lair:5   | Noticed an acid blob
 26345 | Lair:5   | Noticed an acid blob
 26985 | Lair:5   | Found a corrupted altar of Lugonu.
 26985 | Lair:5   | Found a one-way gate to the infinite horrors of the Abyss.
 27300 | Orc:1    | Entered Level 1 of the Orcish Mines
 27300 | Orc:1    | Found Wafaac's Weapon Emporium.
 27328 | Orc:1    | Noticed Erica
 27342 | Orc:1    | Killed Erica
 27406 | Orc:1    | Found a burning altar of Makhleb.
 27545 | Orc:1    | Noticed Maurice
 27554 | Orc:1    | Killed Maurice
 27749 | Orc:1    | Found Qeavej's Jewellery Shoppe.
 27757 | Orc:1    | Bought the ring of the Grinning Gods {rElec rN++ Str+6
                  | Int-3} for 867 gold pieces
 27830 | Orc:1    | Found Weymn's Armour Shoppe.
 28013 | Orc:2    | Entered Level 2 of the Orcish Mines
 28138 | Orc:2    | Reached skill level 9 in Invocations
 28379 | Orc:2    | Found a staircase to the Elven Halls.
 28501 | Orc:2    | Found Cogiym's Antique Weapon Boutique.
 28575 | Orc:2    | Found Lobu's General Store.
 28588 | Orc:2    | Found Luanuale's Antique Armour Boutique.
 28832 | Orc:2    | Reached ****** piety under Makhleb
 28916 | Orc:2    | Found Wamuh's Book Emporium.
 29114 | Orc:2    | Bought a shiny tower shield for 202 gold pieces
 29149 | Orc:2    | Bought a potion of invisibility for 104 gold pieces
 29256 | Spider:1 | Entered Level 1 of the Spider Nest
 29325 | Spider:1 | Reached skill level 6 in Evocations
 29597 | Spider:1 | Reached XP level 17. HP: 218/218 MP: 24/24
 30084 | Spider:1 | Blown up by an orb spider

Illustrated notes

Levels and vault maps discovered:
D:1:      dpeg_arrival_rooms_c, layout_loops_cross
D:2:      layout_loops_ring, serial_rivers, chequers_serial_rivers_micro_d,
          chequers_serial_rivers_small_b, chequers_serial_rivers_micro_b,
          chequers_serial_rivers_small_b
D:3:      layout_loops_ring, serial_shops, shop
D:4:      layout_basic, minitemple, minmay_temple_entry_hall, serial_shops,
          nicolae_take_the_stairs
D:5:      layout_basic, corexii_shack
D:6:      layout_basic, mainiacjoe_overflow_catch_the_wave
D:7:      kennysheep_windowed_halls, layout_loops_ring,
          mainiacjoe_overflow_two_lobes, gup_ossuary_entry_pyramid,
          serial_shops, nicolae_shop_peninsula, chequers_serial_rivers_small_3,
          hangedman_decor_slide_cut, chequers_serial_rivers_room_b
D:8:      layout_rooms, solitary_fountain, glass_columns_b
D:9:      layout_rooms, minivault_5, minmay_misc_feat_room, uniq_pikel
D:10:     layout_loops_ring, mainiacjoe_overflow_small_starburst,
          due_lair_maze_entry_diamond, serial_shops,
          nicolae_shop_overgrown_old_shop, nicolae_rejected_hall
D:11:     layout_loops_ring, portal_ice_cave_entry_ice_simulacra,
          gammafunk_ghost_ooze, serial_shops, nicolae_shop_industrial_runoff,
          nzn_random_ring
D:12:     layout_rooms, orc_0_dummy, nemelex_xobeh_ov_fountains_minmay
D:13:     minmay_inside_and_out, layout_irregular_city, david_vaults_5
D:14:     minmay_distorted_concentric_squares, layout_basic, serial_shops, shop,
          basic_altar, drop_trap, st_stairs_3, david_defended_altar_orc
D:15:     hangedman_depths_entry_try_elsewhere_first, layout_loops_ring,
          serial_park_tiny_2, minmay_fountain_box, chequers_arboretum,
          minmay_more_statues
Temple:   pf_slime_end_temple
Lair:1:   layout_gridlike, st_stairs_6, grunt_megastairs_4, serial_bayou_shore_b
Lair:2:   layout_hall_layers, dummy_spider_entry, serial_bayou_shore_b,
          uniq_harold, uniq_maggie
Lair:3:   layout_regular_city, minmay_shoals_entry_hut,
          nicolae_volcano_entry_s_turn, basic_altar
Lair:4:   mu_elephants_graveyard, layout_regular_city
Lair:5:   hellmonk_lair_end_abyssal_woods, layout_regular_city, slime_entry_2,
          lemuel_fruit_fields, serial_bayou_shore_b
Spider:1: layout_spider_delve
Orc:1:    layout_caves, serial_shops, shop, nicolae_shop_crystal, shop,
          bloody_makhleb, uniq_erica, uniq_maurice
Orc:2:    grunt_orc_gardens, layout_caves, grunt_orc_garden, grunt_orc_garden,
          grunt_orc_garden, grunt_orc_garden, guppyfry_library_mini

Skill      XL: |  1  2  3  4  5  6  7  8  9 10 11 12 13 14 15 16 17 |
---------------+----------------------------------------------------+-----
Polearms       | 4 5 6 7 9 11 13 14 | 14.0
Fighting       | 5 6 7 9 11 12 13 18 22 24 | 24.9
Summonings     | 3 7 8 9 10 | 10.5
Hexes          | 4 |  4.0
Invocations    | 4 7 9 |  9.8
Shields        | 3 6 8 |  8.7
Armour         | 2 4 5 |  5.0
Evocations     | 2 6 |  6.6
Ice Magic      | 1 2 |  2.2
Spellcasting   | |  1.2
Fire Magic     | |  2.6

Action                     |  1- 3 |  4- 6 |  7- 9 | 10-12 | 13-15 | 16-18 || total
---------------------------+-------+-------+-------+-------+-------+-------++-------
  Melee: Spear             |   114 |   146 |   323 |   674 |  1445 |   967 ||  3669
         Punch             |       |       |     1 |     9 |     7 |       ||    17
         Kick              |       |       |       |    93 |   626 |   336 ||  1055
         Glaive            |       |       |       |       |   285 |       ||   285
  Throw: Dart              |       |       |       |    10 |    25 |       ||    35
         Large rock        |       |       |       |       |    11 |       ||    11
         Boomerang         |       |       |       |       |       |    27 ||    27
   Cast: Scorch            |       |    17 |    17 |    33 |       |       ||    67
 Invoke: Fiery Armour      |     1 |     1 |     2 |     3 |     2 |       ||     9
         Rising Flame      |       |       |       |     1 |       |       ||     1
         Lesser Servant of |       |       |       |       |       |     4 ||     4
  Evoke: Wand              |       |       |     5 |    16 |    13 |     4 ||    38
         Box of beasts     |       |       |       |       |     2 |     1 ||     3
         Phantom mirror    |       |       |       |       |     2 |     1 ||     3
         Lightning rod     |       |       |       |       |       |     5 ||     5
         Condenser vane    |       |       |       |       |       |     1 ||     1
    Use: Scroll            |       |       |     1 |    10 |    24 |     4 ||    39
         Potion            |       |       |     1 |     1 |     8 |     4 ||    14
   Stab: Distracted        |       |       |       |       |     2 |     2 ||     4
         Invisible         |       |       |       |       |       |     2 ||     2
 Armour: Robe              |    31 |    28 |    39 |     8 |       |       ||   106
         Troll leather arm |       |       |       |   134 |   452 |       ||   586
         Swamp dragon scal |       |       |       |       |    87 |   220 ||   307
  Dodge: Dodged            |    30 |    43 |    67 |   159 |   415 |   151 ||   865
  Block: Kite shield       |       |       |       |       |   199 |   257 ||   456
         Tower shield      |       |       |       |       |       |   183 ||   183
         Reflection        |       |       |       |       |       |     9 ||     9
